 Dungeon Crawl Stone Soup version 0.24.0-13-gcf9b319 (webtiles) character file.

Game seed: 1415624707267865777, levelgen mode: deterministic

952 Fang the Skirmisher (level 8, -6/76 HPs)
             Began as a Gargoyle Berserker on Nov 14, 2019.
             Was a Priest of Trog.
             Mangled by an ice beast (8 damage)
             ... on level 5 of the Dungeon.
             The game lasted 00:04:24 (4780 turns).

Fang the Skirmisher (Gargoyle Berserker)            Turns: 4780, Time: 00:04:25

Health: -6/76      AC:  8    Str: 31    XL:     8   Next: 14%
Magic:  8/8        EV: 10    Int:  9    God:    Trog [***...]
Gold:   134        SH: 10    Dex:  9    Spells: 7/7 levels left

rFire    . . .     SeeInvis .   a - +0 hand axe
rCold    . . .     Gourm    .   n - +0 shield
rNeg     + . .     Faith    .   b - +0 animal skin
rPois    ∞         Spirit   .   (no helmet)
rElec    +         Reflect  .   (no cloak)
rCorr    .         Harm     .   (no gloves)
MR       .....                  (no boots)
Stlth    ..........             (no amulet)
HPRegen  0.22/turn              h - +4 ring of strength
MPRegen  0.11/turn              (no ring)

@: berserking, very quick
A: negative energy resistance 1, electricity resistance, unbreathing,
petrification resistance, rot immunity, AC +5
a: Berserk, Trog's Hand, Renounce Religion


You were on level 5 of the Dungeon.
You worshipped Trog.
Trog was most pleased with you.
You were hungry.

You visited 1 branch of the dungeon, and saw 5 of its levels.

You collected 134 gold pieces.

Inventory:

Hand Weapons
 a - a +0 hand axe (weapon)
Armour
 b - a +0 animal skin (worn)
 n - a +0 shield (worn)
Jewellery
 h - a +4 ring of strength (left hand)
Wands
 o - a wand of polymorph (8)
Scrolls
 d - a scroll of teleportation {unknown}
 e - 7 scrolls of identify {unknown}
 f - a scroll of enchant weapon {unknown}
 g - 3 scrolls of remove curse {unknown}
 j - a scroll of fear {unknown}
 l - 2 scrolls of magic mapping {unknown}
 m - 2 scrolls of fog {unknown}
 p - a scroll of enchant armour {unknown}
 t - a scroll of noise {unknown}
Potions
 i - 2 potions of magic {unknown}
 k - a potion of experience {unknown}
 r - a potion of curing {unknown}
 s - a potion of cancellation {unknown}
Comestibles
 c - 5 rations


   Skills:
 + Level 5.7 Fighting
 + Level 4.7 Axes
 + Level 5.1 Armour
 + Level 3.8 Dodging
 + Level 2.7 Shields


You had 7 spell levels left.
You didn't know any spells.
Your spell library was empty.

Dungeon Overview and Level Annotations

Branches:
Dungeon (5/15)
 Temple: D:4-7

Altars:
Cheibriados
Makhleb
Nemelex Xobeh
Ru
Trog
Vehumet
Wu Jian
Xom
The Shining One


Innate Abilities, Weirdness & Mutations

You are resistant to torment.
Your stone body is resilient. (AC +5)
You are immune to poison.
You resist negative energy. (rN+)
You are resistant to electric shocks. (rElec)
You can survive without breathing.
You are immune to petrification.
You are immune to rotting.


Message History

* * * LOW HITPOINT WARNING * * *
The ice beast misses you.
A red film seems to cover your vision as you go berserk!
You feel yourself moving faster!
You feel mighty!
You are feeling hungry.
You block the ice beast's attack.
You hit the ice beast but do no damage.
The ice beast is almost dead.
You hit the ice beast.
The ice beast is almost dead.
You block the ice beast's attack.
You barely miss the ice beast.
The ice beast is almost dead.
The ice beast closely misses you.
You barely miss the ice beast.
The ice beast is almost dead.
The ice beast hits you.
* * * LOW HITPOINT WARNING * * *
The ice beast freezes you!
You die...

...(.. . ... ...
.. ...... . #. ##
#.#.##... #.. #.
...... ..
##...#.##.#.##..
#...............
......Y@..#.##...
.....#.##........
#.. #. #.#.##.#.
# . #. #.#.#
...#.##.#.##.###
........÷.......
##.#.#..#.......
#.#..#..#.###
#.<#..# #


You could see an ice beast.

Vanquished Creatures
  Sigmund (D:2)
  A phantom (D:4)
  An ogre (D:3)
  5 wights (D:4)
  A hound (D:4)
  3 worker ants
  Natasha (thrice) (D:4)
  13 adders
  An adder skeleton (D:4)
  7 worms
  2 dart slugs
  A leopard gecko (D:1)
  8 orcs
  8 bats
  6 giant cockroaches
  11 goblins
  7 hobgoblins
  4 jackals (D:1)
  8 kobolds
  2 quokkas
  10 frilled lizards
  9 rats
112 creatures vanquished.

Notes
Turn   | Place    | Note
-------+----------+-------------------------------------------
     0 | D:1      | Fang the Gargoyle Berserker began the quest for the Orb.
     0 | D:1      | Reached XP level 1. HP: 14/14 MP: 1/1
   196 | D:1      | Reached XP level 2. HP: 16/19 MP: 2/2
   389 | D:1      | Reached ** piety under Trog
   558 | D:1      | Reached XP level 3. HP: 15/23 MP: 3/3
  1068 | D:2      | Found a burning altar of Makhleb.
  1089 | D:2      | Noticed Sigmund
  1098 | D:2      | Killed Sigmund
  1098 | D:2      | Reached XP level 4. HP: 23/30 MP: 4/4
  1098 | D:2      | Reached XP level 5. HP: 26/34 MP: 5/5
  1105 | D:2      | Reached XP level 6. HP: 30/39 MP: 6/6
  1587 | D:2      | Found a shimmering altar of Xom.
  2085 | D:3      | Reached *** piety under Trog
  2143 | D:3      | Found an ornate altar of the Wu Jian Council.
  2577 | D:3      | Reached skill level 5 in Fighting
  2577 | D:3      | Reached skill level 1 in Shields
  2577 | D:3      | Reached XP level 7. HP: 44/44 MP: 7/7
  3330 | D:4      | Noticed Natasha
  3331 | D:4      | Found a sparkling altar of Nemelex Xobeh.
  3341 | D:4      | Killed Natasha
  3346 | D:4      | Noticed Natasha
  3358 | D:4      | Killed Natasha
  3520 | D:4      | Found a bloodstained altar of Trog.
  3521 | D:4      | Found a radiant altar of Vehumet.
  3522 | D:4      | Found a glowing golden altar of the Shining One.
  3523 | D:4      | Found a snail-covered altar of Cheibriados.
  3535 | D:4      | Found a sacrificial altar of Ru.
  4024 | D:4      | Noticed Natasha
  4101 | D:4      | Killed Natasha
  4298 | D:4      | Reached XP level 8. HP: 22/50 MP: 8/8
  4299 | D:4      | Reached skill level 5 in Armour
  4733 | D:5      | Entered Level 5 of the Dungeon
  4775 | D:5      | HP: 1/51 [ice beast (13)]
  4780 | D:5      | HP: 2/76 [ice beast (1)]
  4780 | D:5      | Mangled by an ice beast

Levels and vault maps discovered:
D:1:      minmay_arrival_hallway, layout_basic, minmay_split_cup_small
D:2:      layout_rooms, lemuel_round_altar, lemuel_doored_altar, first_ration,
          uniq_sigmund
D:3:      layout_loops_corners, marbit_many_paths
D:4:      layout_basic, grunt_temple_overflow_open, serial_bayou_crossing,
          uniq_natasha
D:5:      layout_basic, minmay_temple_entry_purple_smoke, uniq_eustachio

Skill      XL: |  1  2  3  4  5  6  7  8 |
---------------+-------------------------+-----
Axes           | 3 4 |  4.7
Dodging        | 2 3 |  3.8
Fighting       | 4 5 |  5.7
Armour         | 3 4 5 |  5.1
Shields        | 1 2 |  2.7

Action                   |  1- 3 |  4- 6 |  7- 9 || total
-------------------------+-------+-------+-------++-------
Melee: Hand axe          |   122 |   192 |   198 ||   512
Invok: Berserk           |     2 |     1 |     5 ||     8
       Trog's Hand       |       |       |     2 ||     2
 Stab: Sleeping          |       |     1 |     1 ||     2
  Eat: Chunk             |     2 |     6 |     6 ||    14
       Ration            |       |       |     2 ||     2
Armor: Animal skin       |    44 |    61 |    74 ||   179
Dodge: Dodged            |    98 |    90 |    72 ||   260
Block: Shield            |       |    48 |    68 ||   116
